 Dungeon Crawl Stone Soup version 0.29-a0-416-g83a48905f1 (webtiles) character file.

Game seed: 8665936628455401334

280 siradein the Grave Robber (level 6, -3/41 HPs)
             Began as a Demonspawn Necromancer on May 16, 2022.
             Killed from afar by Sigmund (8 damage)
             ... with a puff of flame
             ... on level 4 of the Dungeon.
             The game lasted 00:08:42 (4263 turns).

siradein the Grave Robber (Demonspawn Necromancer)  Turns: 4263, Time: 00:08:43

Health: -3/41      AC:  7    Str:  8    XL:     6   Next: 5%
Magic:  4/12       EV: 27    Int: 19    God:
Gold:   213        SH:  4    Dex: 13    Spells: 9/13 levels left

rFire   . . .      SeeInvis .   f - staff of death
rCold   . . .      Faith    .   (no shield)
rNeg    + . .      Spirit   .   a - +0 robe
rPois   .          Reflect  .   (helmet restricted)
rElec   .          Harm     .   (no cloak)
rCorr   .          Rampage  .   (no gloves)
Will    +....                   i - +0 pair of boots
Stlth   ++........              p - amulet of the acrobat
HPRegen 0.13/turn               d - +4 ring of protection
MPRegen 0.26/turn               j - ring of willpower

@: acrobatic, studying Short Blades
A: horns 1, large bone plates 1, magic regeneration
a: no special abilities


You were on level 4 of the Dungeon.
You visited 1 branch of the dungeon, and saw 4 of its levels.

You collected 213 gold pieces.

Inventory:

Armour
 a - a +0 robe (worn)
 i - a +0 pair of boots (worn)
Magical Staves
 f - a staff of death (weapon)
Jewellery
 d - a +4 ring of protection (left hand)
 j - a ring of willpower (right hand)
 k - a ring of fire
 p - an amulet of the acrobat (around neck)
Wands
 m - a wand of digging (5)
Scrolls
 b - 2 scrolls of amnesia
 e - 4 scrolls of teleportation
 g - a scroll of magic mapping
 h - a scroll of noise {unknown}
 o - 3 scrolls of fog {unknown}
Potions
 c - 2 potions of attraction {unknown}
 l - 2 potions of curing
 n - a potion of flight


   Skills:
 - Level 1.7 Dodging
 - Level 1.7 Stealth
 + Level 4.3 Spellcasting
 + Level 6.4 Necromancy


You had 9 spell levels left.
You knew the following spells:

 Your Spells              Type           Power      Damage    Failure   Level
a - Pain                  Necr           100%       1d9       1%          1
b - Vampiric Draining     Necr           43%        2d9       2%          3

Your spell library contained the following spells:

 Spells                   Type           Power      Damage    Failure   Level
 Animate Skeleton         Necr           86%        N/A       1%          1
 Animate Dead             Necr           21%        N/A       9%          4
 Agony                    Necr           43%        N/A       26%         5


Dungeon Overview and Level Annotations

Branches:
Dungeon (4/15)
 Temple: D:4-7

Altars:

Annotations:
D:4 Sigmund


Innate Abilities, Weirdness & Mutations

You have a pair of small horns on your head.
You are partially covered in large bone plates. (SH +4)
You regenerate magic rapidly.


Message History

You're too confused to cast spells.
Sigmund completely misses you. Sigmund closely misses you.
Sigmund completely misses you.
You feel less confused.
You feel a surge of power!
Sigmund writhes in agony.
Sigmund barely misses you.
You feel a surge of power!
Sigmund barely resists.
Sigmund barely misses you.
You feel a surge of power!
Sigmund writhes in agony.
You feel a surge of power!
Sigmund writhes in agony.
Sigmund says, "Look into my eyes."
Sigmund misses you.
You feel a surge of power!
Sigmund writhes in agony.
Sigmund barely misses you.
You feel a surge of power!
Sigmund writhes in agony.
You feel a surge of power!
Sigmund writhes in agony.
Sigmund barely misses you.
You feel a surge of power!
Sigmund writhes in agony.
Sigmund hits you from afar with a +0 scythe.
You feel a surge of power!
Sigmund writhes in agony.
Sigmund points at you and mumbles some strange words.
The magic dart hits you.
Casting: Pain (safe; 1% risk of failure)
Confirm with . or Enter, or press ? or * to list all spells.
Aiming: Vampiric Draining (dangerous; 2% risk of failure)
Press: ? - help, Shift-Dir - straight line, f/p - Sigmund
Aim: Sigmund, wielding a +0 scythe and wearing a +2 robe of positive energy (almost dead)
You feel a surge of power!
You draw life force from Sigmund.
You feel life coursing into your body. Sigmund closely misses you.
Unknown command.
Casting: Vampiric Draining (dangerous; 2% risk of failure)
Confirm with . or Enter, or press ? or * to list all spells.
You don't have enough magic to cast this spell.
Unknown command.
Unknown command.
Sigmund attacks as you move away! Sigmund hits you with a +0 scythe!
Sigmund looks at you with fury. Sigmund casts a spell at you.
The puff of flame hits you!
* * * LOW HITPOINT WARNING * * *
Sigmund casts a spell at you. The puff of flame hits you!
You die...

........# #.#
######### #.# #.#
#.# #.# #.#######
#..>....#
###############.##
#........@.# #.#
##.#######.# #.#
#.# #.# #.# #.#
#.# #.# #.# #@#
#.# #### #.# #.#
#.# ...# #.# #.#
#.# ##.# #.# #.#
#.# #.# #.# #.#
#.#


You could see Sigmund.

Vanquished Creatures
  A sky beast (D:4)
  A jelly (D:4)
  An iguana (D:4)
  8 adders
  A worm (D:2)
  3 dart slugs
  3 orcs
  3 bats
  4 endoplasms
  A giant cockroach (D:2)
  4 goblins
  9 hobgoblins
  3 quokkas
  A ball python (D:2)
  5 frilled lizards
  4 kobolds
  A rat (D:3)
53 creatures vanquished.

Notes
Turn   | Place    | Note
-------+----------+-------------------------------------------
     0 | D:1      | siradein the Demonspawn Necromancer began the quest for the
                  | Orb.
     0 | D:1      | Reached XP level 1. HP: 13/13 MP: 3/3
   425 | D:1      | Gained mutation: You are partially covered in large bone
                  | plates. (SH +4) [demonic ancestry]
   425 | D:1      | Reached XP level 2. HP: 17/19 MP: 1/5
   532 | D:1      | Found a faded altar of an unknown god.
  1066 | D:2      | Gained mutation: You have a pair of small horns on your
                  | head. [demonic ancestry]
  1066 | D:2      | Reached XP level 3. HP: 24/24 MP: 5/7
  1070 | D:2      | Learned a level 3 spell: Vampiric Draining
  1232 | D:2      | Reached skill level 5 in Necromancy
  2323 | D:2      | Gained mutation: You regenerate magic rapidly. [demonic
                  | ancestry]
  2323 | D:2      | Reached XP level 4. HP: 27/30 MP: 3/8
  3310 | D:4      | Reached XP level 5. HP: 32/35 MP: 3/10
  3790 | D:4      | Noticed a sky beast
  3798 | D:4      | Killed a sky beast
  3799 | D:4      | Reached skill level 6 in Necromancy
  4178 | D:4      | Reached XP level 6. HP: 36/41 MP: 7/12
  4238 | D:4      | Noticed Sigmund
  4263 | D:4      | Killed from afar by Sigmund

Illustrated notes

Levels and vault maps discovered:
D:1:      ncdulo_lavacross, layout_basic, shapermc_ecumenical_altar_ellora,
          serial_curves, eino_curves_01, eino_curves_04, lemuel_another_geyser
D:2:      layout_basic, minmay_divided_ellipse
D:3:      layout_loops_ring
D:4:      layout_basic, uniq_sigmund

Skill      XL: |  1  2  3  4  5 |
---------------+----------------+-----
Necromancy     | 5 6 |  6.4
Spellcasting   | 3 4 |  4.3
Dodging        | |  1.7
Stealth        | |  1.7

Action                   |  1- 3 |  4- 6 || total
-------------------------+-------+-------++-------
Melee: Staff             |     1 |       ||     1
 Cast: Pain              |    57 |    73 ||   130
       Vampiric Draining |     1 |     6 ||     7
  Use: Potion            |     1 |       ||     1
       Scroll            |       |     5 ||     5
Armor: Robe              |     4 |     3 ||     7
Dodge: Dodged            |     5 |    13 ||    18
Block: Other             |     4 |       ||     4

Table legend: (Time is in decaauts)
 A = Elapsed time spent in this place.
 B = Non-inter-level travel time spent in this place.
 C = Inter-level travel time spent in this place.
 D = Time resting spent in this place.
 E = Time spent auto-exploring this place.
 F = Levels seen in this place.
 G = Mean time per level.
                   A        B        C        D        E       F      G
               +--------+--------+--------+--------+--------+-----+--------+
         Total |   4263 |   4191 |     72 |    420 |   3358 |   4 | 1065.8 |
       Dungeon |   4263 |   4191 |     72 |    420 |   3358 |   4 | 1065.8 |
               +--------+--------+--------+--------+--------+-----+--------+

Top non-repeatable levels by time:
     D:2: 1269 daAuts
     D:1: 1234 daAuts
     D:4: 1002 daAuts
     D:3: 757 daAuts
